 Dungeon Crawl Stone Soup version 0.28.0-53-g5a82cb258f (webtiles) character file.

Game seed: 14188759823750665930

30 Zeld the Firebug (level 3, 0/19 HPs)
             Began as a Deep Elf Fire Elementalist on May 22, 2022.
             Succumbed to an adder's poison
             ... on level 1 of the Dungeon.
             The game lasted 00:01:19 (1427 turns).

Zeld the Firebug (Deep Elf Fire Elementalist)       Turns: 1427, Time: 00:01:19

Health: 0/19       AC:  2    Str:  5    XL:     3   Next: 3%
Magic:  0/10       EV: 13    Int: 21    God:
Gold:   0          SH:  0    Dex: 15    Spells: 6/9 levels left

rFire   . . .      SeeInvis .   (no weapon)
rCold   . . .      Faith    .   (no shield)
rNeg    . . .      Spirit   .   a - +0 robe
rPois   .          Reflect  .   (no helmet)
rElec   .          Harm     .   (no cloak)
rCorr   .          Rampage  .   (no gloves)
Will    .....                   (no boots)
Stlth   ++........              (no amulet)
HPRegen 0.06/turn               (no ring)
MPRegen 0.12/turn               (no ring)

@: lethally poisoned (0 -> -2)
A: no striking features
a: no special abilities


You were on level 1 of the Dungeon.
You visited 1 branch of the dungeon, and saw 2 of its levels.

Inventory:

Armour
 a - a +0 robe (worn)
Scrolls
 e - a scroll of silence {unknown}
Potions
 b - a potion of resistance {unknown}
 c - a potion of flight {unknown}
 d - a potion of curing {unknown}


   Skills:
 + Level 2.8 Dodging
 - Level 2.4 Stealth
 * Level 3.7 Spellcasting
 + Level 1.5 Conjurations
 * Level 3.8 Fire Magic


You had 6 spell levels left.
You knew the following spells:

 Your Spells              Type           Power      Damage    Failure   Level
a - Foxfire               Conj/Fire      60%        2x1d7     4%          1
b - Scorch                Fire           40%        2d7       3%          2

Your spell library contained the following spells:

 Spells                   Type           Power      Damage    Failure   Level
 Freeze                   Ice            12%        1d4       12%         1
 Conjure Flame            Conj/Fire      15%        6-21      12%         3
 Inner Flame              Hex/Fire       11%        N/A       17%         3
 Frozen Ramparts          Ice            6%         1d2       36%         3
 Flame Wave               Conj/Fire      15%        2d6       38%         4
 Hailstorm                Conj/Ice       7%         3d4       65%         4


Dungeon Overview and Level Annotations

Branches:
Dungeon (2/15)

Altars:


Message History

Casting: Scorch (safe; 4% risk of failure)
Confirm with . or Enter, or press ? or * to list all spells.
Flames lash the bat.
You kill the bat!
Unknown command.
Casting: Scorch (safe; 4% risk of failure)
Confirm with . or Enter, or press ? or * to list all spells.
You can't see any susceptible monsters within range! (Use Z to cast anyway.)
The adder barely misses you. The adder bites you.
You are poisoned.
The adder poisons you!
There is a stone staircase leading up here.
Casting: Scorch (safe; 4% risk of failure)
Confirm with . or Enter, or press ? or * to list all spells.
Flames lash the adder.
The adder is severely wounded.
The adder's fire resistance burns away.
You feel sick. The adder bites you.
You are lethally poisoned!
The adder poisons you!
* * * LOW HITPOINT WARNING * * *
You feel sick. The adder bites you but does no damage.
You climb upwards.
* * * LOW HITPOINT WARNING * * *
You feel sick.
There is a stone staircase leading down here.
Unknown command.
Casting: Scorch (safe; 4% risk of failure)
Confirm with . or Enter, or press ? or * to list all spells.
Flames lash the adder.
The adder is burned terribly!
You kill the adder!
* * * LOW HITPOINT WARNING * * *
You feel sick.
You have reached level 3!
Your experience leads to an increase in your attributes!
Increase (S)trength, (I)ntelligence, or (D)exterity?
You feel clever. x2
* * * LOW HITPOINT WARNING * * *
You feel sick.
You die...

###...##########.# ##########
#......# #.##
#........#####.#....# #...
#.##............#.#.# ###.
#.##.###.#####....#.# #.
#.##.###.# #.##.#.# #.
#........# #......# #####.
####.##### ###...## #.....
#.#### ##@....## #.###.
#.##.## ##.†.....## ##.###.
#.#...####.........####...#..
#........+......._.'.........
#.....####.........####...#.#
####..# ##.......## ##.##.#
##..# ##.....## #.....
##.#.## ##...##### ####.#
##.###.## #.......# #.#


There were no monsters in sight!

Vanquished Creatures
  An adder (D:1)
  A worm (D:2)
  4 bats
  2 endoplasms
  A goblin (D:1)
  A quokka (D:1)
  4 ball pythons (D:1)
  2 frilled lizards (D:1)
  A kobold (D:1)
  3 rats (D:1)
20 creatures vanquished.

Vanquished Creatures (others)
  56 foxfires (D:1)
56 creatures vanquished.

Grand Total: 76 creatures vanquished

Notes
Turn   | Place    | Note
-------+----------+-------------------------------------------
     0 | D:1      | Zeld the Deep Elf Fire Elementalist began the quest for the
                  | Orb.
     0 | D:1      | Reached XP level 1. HP: 10/10 MP: 6/6
   674 | D:1      | Reached XP level 2. HP: 15/15 MP: 4/8
   677 | D:1      | Learned a level 2 spell: Scorch
   895 | D:1      | Found a faded altar of an unknown god.
  1426 | D:1      | Reached XP level 3. HP: 2/19 MP: 0/10
  1427 | D:1      | Succumbed to an adder's poison

Illustrated notes

Levels and vault maps discovered:
D:1:      amcnicky_arrival_double_pillar, layout_loops_corners,
          basic_ecumenical_altar, amcnicky_mini_pool_small
D:2:      layout_rooms, serial_shops, nicolae_diamond_shop

Action                   || total
-------------------------++-------
Melee: Unarmed           ||     5
 Cast: Foxfire           ||    38
       Scorch            ||    15
 Stab: Sleeping          ||     2
Armor: Robe              ||     1
Dodge: Dodged            ||     8
